 Dungeon Crawl Stone Soup version 0.19-a0-1861-g35def1e (webtiles) character file.

319 Psiweapon the Ducker (level 6, 0/44 HPs)
             Began as a Vampire Gladiator on Oct 12, 2016.
             Slain by a kobold
             ... wielding a +0 dagger
              (3 damage)
             ... in a sewer.
             The game lasted 00:07:30 (1611 turns).

Psiweapon the Ducker (Vampire Gladiator)            Turns: 1611, Time: 00:07:31

Health: 0/44       AC:  4    Str: 14    XL:     6   Next: 21%
Magic:  6/6        EV: 15    Int: 11    God:
Gold:   161        SH:  0    Dex: 16    Spells: 0 memorised, 5 levels left

rFire  . . .     SeeInvis +     a - +0 long sword
rCold  . . .     Gourm    .     k - +0 leather armour
rNeg   . . .     Faith    .     (no shield)
rPois  .         Spirit   .     c - +0 helmet
rElec  .         Dismiss  .     (no cloak)
rCorr  .         Reflect  .     (no gloves)
MR     .....     Harm     .     (no boots)
Stlth  +.........               (no amulet)
                                (no ring)
                                (no ring)

@: lethally poisoned (0 -> -4), regenerating quickly
A: fangs 3, see invisible, unbreathing
a: no special abilities


You were in a sewer.
You were almost alive.

You visited 1 branch of the dungeon, and saw 4 of its levels.
You also visited: Sewer.

You collected 161 gold pieces.

Inventory:

Hand Weapons
 a - a +0 long sword (weapon)
 b - a +0 hunting sling
Missiles
 d - 2 throwing nets (quivered)
 f - 6 javelins of penetration
 m - 39 stones
 q - 2 tomahawks
 t - 13 sling bullets
Armour
 c - a +0 helmet (worn)
 k - a +0 leather armour (worn)
Scrolls
 h - a scroll of enchant weapon {unknown}
 j - 2 scrolls of teleportation
 n - a scroll of identify
Potions
 e - 13 potions of blood
 g - 3 potions of haste {unknown}
 i - a potion of resistance {unknown}
 l - a potion of cancellation {unknown}
 o - 2 potions of curing {unknown}
 p - a potion of berserk rage {unknown}
 r - 2 potions of agility {unknown}


   Skills:
 - Level 1.7 Fighting
 * Level 5.3 Long Blades
 - Level 1.5 Throwing
 + Level 5.9 Dodging


You had 5 spell levels left.
You didn't know any spells.

Dungeon Overview and Level Annotations

Branches:
Dungeon (4/15)
 Temple: D:4-7

Altars:
Ashenzari
Gozag


Innate Abilities, Weirdness & Mutations

Your natural rate of healing is unusually fast.
You have razor-sharp teeth.
You have supernaturally acute eyesight. (SInv)
You can survive without breathing.


Message History

You feel sick.
The kobold shoots a poisoned needle.
The poisoned needle hits you!
You are more poisoned.
Items here: (( ) † a poisoned needle; a short sword; 3 stones; a big kobold corpse You enter the shallow water.
Moving in this stuff is going to be slow.
You feel sick.
The kobold unwields an uncursed blowgun.
The kobold wields an uncursed dagger.
The kobold closely misses you.
Your unstable footing causes you to fumble your attack.
You feel sick.
You feel sick.
The kobold hits you with an uncursed dagger.
* * * LOW HITPOINT WARNING * * *
The kobold splashes around in the water.
* * * LOW HITPOINT WARNING * * *
You feel sick.
The kobold hits you with an uncursed dagger.
You die...

#∩ ############
##.###.≈≈..≈≈...# #
.......≈≈.≈≈≈≈≈.# ..
≈≈≈≈≈≈≈≈≈≈≈≈≈≈≈.#...
≈≈≈≈≈≈≈≈≈≈≈≈≈≈≈....
≈≈≈≈≈≈≈≈≈≈≈≈≈≈≈#
..≈..≈≈≈)≈≈≈≈≈.#
##≈≈)(≈K@.≈.#
##(######### #≈# #≈#
#≈# #≈# #≈# #≈# #≈#


You could see a kobold.

Vanquished Creatures
  An ogre (D:4)
  A big kobold (Sewer)
  Natasha (thrice) (D:1)
  2 river rats (Sewer)
  2 worms
  A dart slug (D:1)
  2 leopard geckos (D:1)
  6 orcs (D:3)
  2 ball pythons (D:3)
  2 giant cockroaches
  7 goblins
  5 hobgoblins
  7 jackals
  5 kobolds
  7 bats
  4 frilled lizards
  5 rats
62 creatures vanquished.

Notes
Turn   | Place    | Note
-------+----------+-------------------------------------------
     0 | D:1      | Psiweapon the Vampire Gladiator began the quest for the Orb.
     0 | D:1      | Reached XP level 1. HP: 16/16 MP: 1/1
    66 | D:1      | Reached XP level 2. HP: 13/22 MP: 2/2
   372 | D:2      | Found an opulent altar of Gozag.
   534 | D:1      | Reached XP level 3. HP: 26/27 MP: 3/3
   698 | D:2      | Noticed Natasha
   733 | D:1      | Killed Natasha
   818 | D:1      | Noticed Natasha
   819 | D:1      | Killed Natasha
   819 | D:1      | Reached XP level 4. HP: 33/33 MP: 4/4
   826 | D:1      | Noticed Natasha
   836 | D:1      | Killed Natasha
   836 | D:1      | Reached skill level 5 in Dodging
  1336 | D:3      | Reached XP level 5. HP: 28/38 MP: 5/5
  1365 | D:3      | Found a shattered altar of Ashenzari.
  1403 | D:4      | Noticed an ogre
  1410 | D:4      | Killed an ogre
  1465 | D:4      | Found a glowing drain.
  1473 | Sewer    | Entered a sewer
  1481 | Sewer    | Reached skill level 5 in Long Blades
  1595 | Sewer    | Reached XP level 6. HP: 15/44 MP: 6/6
  1611 | Sewer    | Slain by a kobold

Vault maps used:
D:1:      ncdulo_watergridlock
D:2:      nicolae_gozag_cash_rules_everything_around_me, uniq_natasha
D:3:      lemuel_crystal_altar, ecumenical_altar_2
D:4:      lightli_sewer_entry_pipes, okawaru_altar_gauntlet_db, uniq_grinder
Sewer:    sewer_kobolds

Skill      XL: |  1  2  3  4  5 |
---------------+----------------+-----
Dodging        | 4 5 |  5.9
Long Blades    | 4 5 |  5.3
Fighting       | |  1.7
Throwing       | |  1.5

Action                   |  1- 3 |  4- 6 || total
-------------------------+-------+-------++-------
Melee: Long sword        |    84 |   104 ||   188
       Bite              |     5 |    15 ||    20
 Fire: Hunting sling     |     6 |    20 ||    26
Throw: Throwing net      |     1 |       ||     1
  Use: Potion            |     1 |     3 ||     4
       Scroll            |       |     3 ||     3
  Eat: Corpse            |     8 |     7 ||    15
Armor: Leather armour    |    31 |    20 ||    51
Dodge: Dodged            |    83 |    99 ||   182
       Rpst.: Long sword |    24 |    31 ||    55
